 Dungeon Crawl Stone Soup version 0.23.2-33-g5129a83184 (webtiles) character file.

Game seed: 7334206893499613008

14450 DildoBatman the Black Sun (level 12, -11/74 HPs)
             Began as a Formicid Wizard on July 4, 2019.
             Was a High Priest of Kikubaaqudgha.
             Mangled by a death ooze (22 damage)
             ... in a Gauntlet.
             The game lasted 01:12:09 (13101 turns).

DildoBatman the Black Sun (Formicid Wizard)        Turns: 13101, Time: 01:12:10

Health: -11/74     AC: 13    Str: 17    XL:     12   Next: 45%
Magic:  16/24      EV: 12    Int: 23    God:    Kikubaaqudgha [*****.]
Gold:   543        SH:  0    Dex: 13    Spells: 6/27 levels left

rFire    + . .     SeeInvis +   a - +4 short sword
rCold    + . .     Gourm    .   (no shield)
rNeg     . . .     Faith    +   K - +1 robe {rC+ rF+}
rPois    .         Spirit   .   (helmet unavailable)
rElec    .         Reflect  .   P - +1 cloak {MR+}
rCorr    .         Harm     .   S - +0 pair of gloves
MR       ++...                  O - +2 pair of boots
Stlth    +++.......             s - amulet of faith
HPRegen  0.22/turn              L - +4 ring of protection
MPRegen  0.19/turn              p - +4 ring of dexterity

@: mighty, very slightly contaminated
A: permanent stasis, dig shafts and tunnels, four strong arms, antennae 3
a: Dig, Shaft Self, Receive Corpses, Torment, Renounce Religion


You were in a Gauntlet.
You worshipped Kikubaaqudgha.
Kikubaaqudgha was extremely pleased with you.
You were not hungry.

You visited 2 branches of the dungeon, and saw 12 of its levels.
You also visited: Sewer, Bailey and Gauntlet.

You collected 543 gold pieces.

Inventory:

Hand Weapons
 a - a +4 short sword (weapon)
 b - a +0 hunting sling
 A - a +0 short sword of electrocution
Missiles
 e - 28 poisoned needles
 f - 289 stones (quivered)
 k - 74 sling bullets
 x - 7 curare-tipped needles
 E - 109 arrows
 H - a throwing net
Armour
 z - the cursed +0 large shield of Yesterday {rF- Str+2 Int+8 Dex-3}
   (You took it off an orc warrior in a bailey)

   It affects your strength (+2).
   It affects your intelligence (+8).
   It affects your dexterity (-3).
   It makes you vulnerable to fire.
   It has a curse placed upon it.
 K - a +1 robe of resistance (worn)
 O - a +2 pair of boots (worn)
 P - a +1 cloak of magic resistance (worn)
 S - a +0 pair of gloves (worn)
Jewellery
 m - an uncursed ring of protection from fire
 n - an uncursed ring of positive energy
 p - a +4 ring of dexterity (right hand)
 s - an amulet of faith (around neck)
 F - an uncursed ring of protection from cold
 L - a +4 ring of protection (left hand)
Scrolls
 d - 3 scrolls of remove curse
 h - a scroll of acquirement
 i - 3 scrolls of magic mapping
 j - 4 scrolls of enchant weapon
 o - 3 scrolls of fear
 t - a scroll of blinking {unknown}
 w - a scroll of vulnerability {unknown}
 B - 2 scrolls of amnesia
 G - 3 scrolls of immolation {unknown}
 I - a scroll of fog {unknown}
 N - a scroll of noise {unknown}
Potions
 c - a potion of berserk rage {unknown}
 g - 2 potions of flight
 l - 3 potions of magic
 q - 4 potions of haste
 r - 2 potions of invisibility
 u - 2 potions of brilliance {unknown}
 y - 2 potions of might
 C - 2 potions of mutation {unknown}
 D - a potion of resistance
 J - a potion of lignification {unknown}
 M - a potion of heal wounds {unknown}
Comestibles
 v - 38 rations


   Skills:
 - Level 1.7 Dodging
 - Level 6.0 Stealth
 - Level 8.0 Spellcasting
 - Level 6.0 Conjurations
   Level 1.0 Summonings
 * Level 11.2 Necromancy
   Level 0.8 Translocations
 - Level 4.0 Fire Magic
 - Level 4.0 Air Magic
 * Level 8.8 Earth Magic
 - Level 8.0 Poison Magic


You had 6 spell levels left.
You knew the following spells:

 Your Spells              Type           Power        Failure   Level  Hunger
a - Conjure Flame         Conj/Fire      ####....     2%          3    None
b - Borgnjor's Vile Clut  Necr/Erth      ######....   3%          5    #####..
d - Vampiric Draining     Necr           ######....   1%          3    None
e - Mephitic Cloud        Conj/Pois/Air  #####...     1%          3    None
h - Dispel Undead         Necr           ######..     1%          5    #####..
z - Sublimation of Blood  Necr           ######....   1%          2    None

Your spell library contained the following spells:

 Spells                   Type           Power        Failure   Level  Hunger
 Magic Dart               Conj           ####         1%          1    None
 Pain                     Necr           ####         1%          1    None
 Shock                    Conj/Air       ####         1%          1    None
 Corpse Rot               Necr           N/A          1%          2    None
 Animate Dead             Necr           N/A          1%          4    ###....
 Agony                    Necr           ######..     1%          5    #####..
 Static Discharge         Conj/Air       ####....     2%          3    None
 Swiftness                Chrm/Air       ###.....     4%          2    None
 Dazzling Spray           Conj/Hex       ###...       6%          3    None
 Corona                   Hex            #......      7%          1    None
 Call Imp                 Summ           ##......     7%          2    None
 Ensorcelled Hibernation  Hex/Ice        #.....       11%         2    None
 Slow                     Hex            #.......     11%         2    None
 Death Channel            Necr           ######....   11%         6    ######.
 Airstrike                Air            ####......   13%         4    ###....
 Confuse                  Hex            #.......     21%         3    None
 Tukima's Dance           Hex            #.......     21%         3    None
 Lightning Bolt           Conj/Air       ####......   24%         5    #####..
 Blink                    Tloc           Unusable     N/A         2    N/A

Dungeon Overview and Level Annotations

Branches:
Dungeon (11/15)            Temple (1/1) D:6            Lair (0/6) D:9
    Orc (0/2) D:11

Altars:
Ashenzari
Cheibriados
Dithmenos
Elyvilon
Fedhas
Gozag
Hepliaklqana
Kikubaaqudgha
Makhleb
Nemelex Xobeh
Okawaru
Qazlal
Ru
Sif Muna
Trog
Uskayaw
Vehumet
Wu Jian
Xom
Yredelemnul
Zin
The Shining One

Shops:
D:5 *   D:9 %%=*(

Annotations:
D:4 2 transporters
D:6 exclusion: slime creature Gauntlet 11 transporters, 21 runed translucent doors


Innate Abilities, Weirdness & Mutations

You cannot be hasted, slowed, berserked, paralysed or teleported.
You can dig through walls and to a lower floor.
Your four strong arms can wield two-handed weapons with a shield.
You have a pair of large antennae on your head. (SInv)


Message History

You resist. The death ooze hits you. x2
It was a potion of might.
You feel very mighty all of a sudden.
The death ooze is engulfed in blazing flames.
The death ooze hits you but does no damage.
The death ooze hits you.
Press: ? - help, v - describe, . - travel
Here: a death ooze (flame, lightly damaged)
The floor.
Unknown command.
Kikubaaqudgha delivers you corpses!
You feel somewhat more hungry.
The death ooze is engulfed in blazing flames.
The death ooze barely misses you. x2
The death ooze is engulfed in blazing flames.
The death ooze hits you. The death ooze hits you!!
You die...
Kikubaaqudgha rasps: "You have failed me!
Welcome... death!"

#≈...................
###....................
#8#..###########...####
###..###....##.#.8.#...
#..#.#.##....#...#.##
###..#...##.##?#####.#.
#8#..###...###.#...#..#
###.©#†#.##.#.©#©.©#..#
#..#@J.##.##$#...#..#
###..###.©..##.#####.#.
#8#..###.##..#.#...#.##
###..#..###.##.#...#3..
#..###########...####
###≈...........§.§.....
#8#∩...∩........§8≈....
###≈.............≈.....
#..###########...####


You could see a death ooze.

Vanquished Creatures
  Erica (D:11)
  Sonja (D:11)
  2 orc knights (Bailey)
  A cyclops (D:11)
  Psyche (D:10)
  A gargoyle (D:10)
  2 kobold demonologists (Bailey)
  A troll (D:10)
  A queen bee (D:10)
  3 hippogriffs
  6 yaks (D:9)
  A wraith (D:11)
  8 humans (D:9)
  4 hogs (D:9)
  A hungry ghost (D:5)
  An acid dragon (D:11)
  A water moccasin (D:9)
  3 porcupines (D:9)
  2 ice beasts
  A sky beast (D:9)
  2 black bears (D:9)
  13 orc warriors
  3 phantoms
  An eye of draining (D:8)
  7 ogres
  A centaur (D:7)
  4 big kobolds
  7 bullfrogs
  4 scorpions
  22 killer bees
  6 howler monkeys
  4 electric eels (Bailey)
  2 bullfrog zombies
  2 centaur zombies
  3 crimson imps
  9 orc priests
  A centaur skeleton (D:8)
  4 jellies
  6 hounds
  3 iguanas
  12 orc wizards
  12 worker ants
  A killer bee zombie (D:9)
  2 hound skeletons (D:6)
  2 hound zombies
  8 gnolls
  7 adders
  A howler monkey skeleton (D:8)
  2 shadow imps (D:9)
  6 oozes
  An adder skeleton (D:6)
  12 worms
  6 leopard geckos
  44 orcs
  4 ball pythons
  5 giant cockroaches
  18 goblins
  11 hobgoblins
  25 jackals
  8 quokkas
  A ball python skeleton (D:4)
  20 bats
  9 frilled lizards
  A jackal zombie (D:5)
  15 kobolds
  5 rats
  2 plants (D:9)
386 creatures vanquished.

Vanquished Creatures (others)
  A hippogriff (D:11)
  A killer bee (D:10)
  An electric eel (Bailey)
  An adder (D:9)
  5 demonic plants (Gauntlet)
  59 fungi
  19 plants
  5 toadstools (D:6)
92 creatures vanquished.

Grand Total: 478 creatures vanquished

Notes
Turn   | Place    | Note
-------+----------+-------------------------------------------
     0 | D:1      | DildoBatman the Formicid Wizard began the quest for the
                  | Orb.
     0 | D:1      | Reached XP level 1. HP: 13/13 MP: 4/4
    46 | D:1      | Reached skill level 1 in Conjurations
   265 | D:1      | Reached XP level 2. HP: 19/19 MP: 3/6
   938 | D:2      | Reached XP level 3. HP: 24/24 MP: 0/7
   943 | D:2      | Learned a level 3 spell: Conjure Flame
   947 | D:2      | Learned a level 3 spell: Mephitic Cloud
  1438 | D:2      | Reached XP level 4. HP: 13/30 MP: 0/8
  1509 | D:2      | Found a blossoming altar of Fedhas.
  1669 | D:2      | Found a bloodstained altar of Trog.
  1941 | D:2      | Found a shimmering altar of Xom.
  1943 | D:2      | Found a blossoming altar of Fedhas.
  1943 | D:2      | Found a white marble altar of Elyvilon.
  1945 | D:2      | Found a blossoming altar of Fedhas.
  1945 | D:2      | Found a hazy altar of Hepliaklqana.
  1945 | D:2      | Found a shimmering altar of Xom.
  2276 | D:3      | Reached XP level 5. HP: 35/35 MP: 5/9
  2573 | D:3      | Found an iron altar of Okawaru.
  2712 | D:4      | Found a transporter.
  2774 | D:4      | Found a transporter.
  2850 | D:4      | Noticed an ogre
  2913 | D:4      | Killed an ogre
  2913 | D:4      | Reached skill level 5 in Conjurations
  2913 | D:4      | Reached XP level 6. HP: 12/41 MP: 2/10
  2998 | D:4      | Found a glowing drain.
  3114 | Sewer    | Entered a sewer
  4401 | D:5      | Entered Level 5 of the Dungeon
  4532 | D:5      | Reached XP level 7. HP: 45/46 MP: 7/11
  4544 | D:5      | Found a sparkling altar of Nemelex Xobeh.
  4643 | D:5      | Found Somil's Lightly-Used Armoury.
  4647 | D:5      | Noticed a hungry ghost
  4712 | D:5      | Killed a hungry ghost
  4712 | D:5      | Reached skill level 1 in Fire Magic
  4712 | D:5      | Reached skill level 1 in Poison Magic
  4776 | D:5      | Reached skill level 1 in Air Magic
  5221 | D:5      | Reached XP level 8. HP: 30/52 MP: 7/12
  5703 | D:6      | Found a shadowy altar of Dithmenos.
  6083 | D:6      | Found a staircase to the Ecumenical Temple.
  6092 | Temple   | Entered the Ecumenical Temple
  6152 | Temple   | Became a worshipper of Kikubaaqudgha
  6249 | D:6      | Reached skill level 5 in Stealth
  6480 | D:6      | Noticed a slime creature
  6700 | D:6      | Reached skill level 1 in Necromancy
  6700 | D:6      | Reached XP level 9. HP: 55/57 MP: 10/14
  6860 | D:6      | Reached skill level 5 in Poison Magic
  6918 | D:7      | Reached * piety under Kikubaaqudgha
  6918 | D:7      | Identified Kikubaaqudgha's Almanac of Evil (Kikubaaqudgha
                  | gifted it to you on level 7 of the Dungeon)
  6918 | D:7      | Received a gift from Kikubaaqudgha
  7113 | D:7      | Reached skill level 2 in Necromancy
  7745 | D:8      | Reached skill level 3 in Necromancy
  7828 | D:8      | Reached ** piety under Kikubaaqudgha
  7961 | D:8      | Noticed a hippogriff
  8096 | D:8      | Killed a hippogriff
  8096 | D:8      | Reached skill level 4 in Necromancy
  8108 | D:8      | Noticed a hippogriff
  8156 | D:7      | Killed a hippogriff
  8156 | D:7      | Reached XP level 10. HP: 48/63 MP: 2/16
  8251 | D:8      | Reached skill level 5 in Necromancy
  8400 | D:8      | Reached skill level 6 in Necromancy
  8463 | D:8      | Learned a level 3 spell: Vampiric Draining
  8466 | D:8      | Learned a level 2 spell: Sublimation of Blood
  8880 | D:8      | Found a glowing golden altar of the Shining One.
  8880 | D:8      | Found a white marble altar of Elyvilon.
  8880 | D:8      | Found a glowing silver altar of Zin.
  8924 | D:9      | Found Ossir's Antique Weapon Shoppe.
  9003 | D:9      | Found Raqaxidd's General Store.
  9098 | D:9      | Found a runed translucent door.
  9101 | D:9      | Found a runed translucent door.
  9156 | D:9      | Reached skill level 5 in Spellcasting
  9160 | D:9      | Reached skill level 7 in Necromancy
  9162 | D:9      | Reached *** piety under Kikubaaqudgha
  9162 | D:9      | Identified Kikubaaqudgha's Disquisition on Evil Rites
                  | (Kikubaaqudgha gifted it to you on level 9 of the Dungeon)
  9162 | D:9      | Received a gift from Kikubaaqudgha
  9179 | D:9      | Reached skill level 8 in Necromancy
  9276 | D:9      | Reached XP level 11. HP: 35/68 MP: 7/19
  9286 | D:9      | Learned a level 5 spell: Borgnjor's Vile Clutch
  9403 | D:9      | Reached skill level 1 in Earth Magic
  9673 | D:9      | Reached **** piety under Kikubaaqudgha
  9673 | D:9      | Reached skill level 9 in Necromancy
  9812 | D:9      | Found a staircase to the Lair.
  9889 | D:9      | Found Citzif's Food Shoppe.
  9939 | D:9      | Found Enyth's Food Emporium.
 10267 | D:9      | Found Anwutisu's Jewellery Shop.
 10358 | D:10     | Entered Level 10 of the Dungeon
 10497 | D:10     | Noticed Psyche
 10502 | D:10     | Killed Psyche
 10525 | D:10     | Found a flagged portal.
 10712 | D:10     | Reached skill level 5 in Earth Magic
 10813 | D:10     | Reached ***** piety under Kikubaaqudgha
 10840 | Bailey   | Entered a bailey
 10905 | Bailey   | Noticed an orc knight
 10910 | Bailey   | Killed an orc knight
 11443 | Bailey   | Reached skill level 10 in Necromancy
 11597 | Bailey   | Identified the cursed +0 large shield of Yesterday {rF-
                  | Str+2 Int+8 Dex-3}
 11688 | Bailey   | Noticed an orc knight
 11819 | Bailey   | Killed an orc knight
 11819 | Bailey   | Reached XP level 12. HP: 42/74 MP: 0/24
 11857 | Bailey   | Found an iron altar of Okawaru.
 12571 | D:10     | Learned a level 5 spell: Dispel Undead
 12581 | D:11     | Noticed Erica
 12589 | D:11     | Killed Erica
 12652 | D:11     | Noticed Sonja
 12659 | D:11     | Killed Sonja
 12659 | D:11     | Reached skill level 11 in Necromancy
 12821 | D:11     | Noticed Josephine
 12867 | D:11     | Found a staircase to the Orcish Mines.
 12877 | D:11     | Found a gate leading to a gauntlet.
 12885 | Gauntlet | Entered a Gauntlet
 12885 | Gauntlet | Found a transporter.
 12885 | Gauntlet | Found a transporter.
 12886 | Gauntlet | Found a transporter.
 12886 | Gauntlet | Noticed a death ooze
 12888 | Gauntlet | Found a transporter.
 12889 | Gauntlet | Found a transporter.
 12899 | Gauntlet | Found a transporter.
 12903 | Gauntlet | Found a transporter.
 12905 | Gauntlet | Found a large runed translucent door.
 12906 | Gauntlet | Found a large runed translucent door.
 12906 | Gauntlet | Found a transporter.
 12906 | Gauntlet | Found a transporter.
 12907 | Gauntlet | Found a large runed translucent door.
 12907 | Gauntlet | Found a large runed translucent door.
 12907 | Gauntlet | Found a runed translucent door.
 12908 | Gauntlet | Found a large runed translucent door.
 12909 | Gauntlet | Found a large runed translucent door.
 12910 | Gauntlet | Found a large runed translucent door.
 12910 | Gauntlet | Found a large runed translucent door.
 12911 | Gauntlet | Found a runed translucent gate.
 12912 | Gauntlet | Noticed a hell beast
 12913 | Gauntlet | Found a transporter.
 12917 | Gauntlet | Found a runed translucent gate.
 12917 | Gauntlet | Found a transporter.
 12917 | Gauntlet | Noticed a green death
 12918 | Gauntlet | Found a runed translucent gate.
 12918 | Gauntlet | Found a runed translucent door.
 12951 | Gauntlet | Found a transporter.
 13019 | Gauntlet | Found a large runed translucent door.
 13020 | Gauntlet | Found a large runed translucent door.
 13021 | Gauntlet | Found a large runed translucent door.
 13021 | Gauntlet | Found a large runed translucent door.
 13022 | Gauntlet | Found a large runed translucent door.
 13023 | Gauntlet | Found a large runed translucent door.
 13024 | Gauntlet | Found a large runed translucent door.
 13024 | Gauntlet | Found a large runed translucent door.
 13101 | Gauntlet | Mangled by a death ooze

Skill      XL: |  1  2  3  4  5  6  7  8  9 10 11 12 |
---------------+-------------------------------------+-----
Conjurations   | 1 2 3 4 5 6 |  6.0
Stealth        | 4 5 6 |  6.0
Fire Magic     | 2 3 4 |  4.0
Poison Magic   | 2 4 7 8 |  8.0
Air Magic      | 1 2 4 |  4.0
Necromancy     | 1 4 8 10 11 | 11.2
Spellcasting   | 4 5 8 |  8.0
Earth Magic    | 6 8 |  8.8
Dodging        | |  1.7
Summonings     | |  1.0
Translocations | |  0.8

Action                   |  1- 3 |  4- 6 |  7- 9 | 10-12 || total
-------------------------+-------+-------+-------+-------++-------
Melee: Club              |    19 |       |       |       ||    19
       Short sword       |    28 |    59 |   151 |   387 ||   625
       Trident           |       |       |     7 |       ||     7
 Fire: Hunting sling     |     3 |    65 |   176 |    51 ||   295
Throw: Stone             |     7 |       |     8 |     1 ||    16
 Cast: Magic Dart        |    77 |   103 |   143 |    81 ||   404
       Mephitic Cloud    |     1 |     8 |    42 |    82 ||   133
       Conjure Flame     |     1 |     4 |    20 |    25 ||    50
       Vampiric Draining |       |       |       |     7 ||     7
       Borgnjor's Vile C |       |       |       |    26 ||    26
       Sublimation of Bl |       |       |       |     2 ||     2
       Dispel Undead     |       |       |       |     2 ||     2
Invok: Receive Corpses   |       |       |       |     1 ||     1
 Abil: Dig               |     3 |    14 |     7 |    34 ||    58
  Use: Scroll            |       |     4 |       |     4 ||     8
       Potion            |       |     3 |     1 |     2 ||     6
 Stab: Confused          |     1 |     3 |     9 |    27 ||    40
       Invisible         |       |       |     2 |       ||     2
  Eat: Chunk             |     2 |    10 |    13 |    31 ||    56
       Ration            |       |     1 |     1 |     1 ||     3
Armor: Robe              |    18 |    23 |    50 |   124 ||   215
Dodge: Dodged            |    63 |    40 |   138 |   227 ||   468
